 Dungeon Crawl Stone Soup version 0.28-a0-1638-g9123634e07 (webtiles) character file.

Game seed: 13377727002548271443

203 Hasart the Insei (level 5, -6/34 HPs)
             Began as an Octopode Transmuter on Jan 25, 2022.
             Mangled by a phantom (7 damage)
             ... on level 3 of the Dungeon.
             The game lasted 00:06:19 (3415 turns).

Hasart the Insei (Octopode Transmuter)              Turns: 3415, Time: 00:06:20

Health: -6/34      AC:  1    Str:  9    XL:     5   Next: 81%
Magic:  8/8        EV: 13    Int: 18    God:
Gold:   85         SH:  0    Dex: 12    Spells: 3/9 levels left

rFire   . . .      SeeInvis .     - Unarmed
rCold   . . .      Faith    .   (no shield)
rNeg    . . .      Spirit   .   (helmet currently unavailable)
rPois   .          Reflect  .   (no amulet)
rElec   .          Harm     .   (no ring)
rCorr   .          Rampage  .   (no ring)
Will    .....                   (no ring)
Stlth   ++........              (no ring)
HPRegen 0.11/turn               (no ring)
MPRegen 0.11/turn               (no ring)
                                (no ring)
                                (no ring)

@: appendages
A: tentacle spike 3, almost no armour, amphibious, 8 rings, camouflage 1,
gelatinous body 1, (nimble swimmer 1), tentacles
a: End Transformation


You were on level 3 of the Dungeon.
One of your tentacles had grown a beastly spike.
You visited 1 branch of the dungeon, and saw 3 of its levels.

You collected 85 gold pieces.

Inventory:

Missiles
 b - 7 poisoned darts (quivered)
Scrolls
 c - 3 scrolls of identify {unknown}
 f - a scroll of magic mapping {unknown}
 h - a scroll of fear {unknown}
 i - a scroll of teleportation {unknown}
Potions
 a - a potion of cancellation {unknown}
 d - a potion of curing
 e - a potion of mutation {unknown}
 g - a potion of brilliance {unknown}


   Skills:
 + Level 2.0 Fighting
 + Level 1.2 Throwing
 + Level 2.8 Dodging
 * Level 4.1 Unarmed Combat
 + Level 2.6 Spellcasting
 + Level 2.7 Transmutations
 + Level 1.9 Poison Magic


You had 3 spell levels left.
You knew the following spells:

 Your Spells              Type           Power      Damage    Failure   Level
a - Beastly Appendage     Tmut           24%        N/A       5%          1
b - Wereblood             Tmut           12%        N/A       9%          2
c - Spider Form           Tmut/Pois      10%        N/A       19%         3

Your spell library contained the following spells:

 Spells                   Type           Power      Damage    Failure   Level
 Static Discharge         Conj/Air       2%         N/A       26%         2
 Summon Guardian Golem    Hex/Summ       2%         N/A       45%         3
 Ice Form                 Ice/Tmut       7%         N/A       67%         4
 Lightning Bolt           Conj/Air       1%         1d12      99%         5
 Orb of Destruction       Conj           1%         9d5       100%        7
 Spellforged Servitor     Conj/Summ      1%         N/A       100%        7
 Maxwell's Capacitive Co  Air            1%         ∞         100%        8


Dungeon Overview and Level Annotations

Branches:
Dungeon (3/15)

Altars:

Shops:
D:3 [


Innate Abilities, Weirdness & Mutations

One of your tentacles has grown a beastly spike.
You cannot wear most types of armour.
You are amphibious.
You can wear up to eight rings at the same time.
Your skin changes colour to match your surroundings (Stealth+).
Your rubbery body absorbs attacks. (AC +1, EV +1)
((You are camouflaged when in or above water. (Stealth+)))
You have tentacles for arms and can constrict up to eight enemies at once.


Message History

Confirm with . or Enter, or press ? or * to list all spells.
One of your tentacles grows a vicious spike.
You miss the phantom.
Your tentacle spike misses the phantom.
The phantom hits you!
You barely miss the phantom.
You pierce the phantom.
You squeeze the phantom!
The phantom is moderately damaged.
The phantom barely misses you.
You closely miss the phantom.
You pierce the phantom.
The phantom is heavily damaged.
The phantom hits you.
The phantom blinks!
You blink.
Found a stone staircase leading up.
You tentacle-slap the phantom but do no damage.
Your tentacle spike misses the phantom.
You squeeze the phantom.
The phantom is heavily damaged.
The phantom hits you.
You tentacle-slap the phantom. You squeeze the phantom!
The phantom is almost destroyed.
The phantom hits you.
You tentacle-slap the phantom but do no damage.
You pierce the phantom.
The phantom is almost destroyed.
The phantom hits you!
* * * LOW HITPOINT WARNING * * *
The phantom blinks!
You blink.
You tentacle-slap the phantom.
Your tentacle spike misses the phantom.
The phantom is almost destroyed.
The phantom hits you.
* * * LOW HITPOINT WARNING * * *
The phantom blinks!
You blink.
You miss the phantom.
Your tentacle spike misses the phantom.
Your squeeze misses the phantom.
The phantom is almost destroyed.
The phantom hits you.
* * * LOW HITPOINT WARNING * * *
The phantom blinks!
You blink.
You barely miss the phantom.
Your tentacle spike misses the phantom.
Your squeeze misses the phantom.
The phantom is almost destroyed.
The phantom hits you!
You die...

..# #.# #.###### ..#
#.##############.#....# ..#
#.§.........§....#....#
..##..§........#.§.####....######
..######...§...#...#^....†.......
.... .....<....#.....##....######
...............#.....##....#
...............#W....##....#
########.......#@..#.##....#
#.......#...#.#######
#.......#...#.# #####.# #.# #.#
.#


You could see a phantom.

Vanquished Creatures
  An ogre (D:3)
  A centaur skeleton (D:2)
  3 adders
  A worm (D:2)
  2 ball pythons (D:1)
  3 bats
  4 endoplasms
  A giant cockroach (D:2)
  6 goblins
  6 hobgoblins
  6 jackals
  3 quokkas
  4 frilled lizards
  5 kobolds
  3 rats
49 creatures vanquished.

Notes
Turn   | Place    | Note
-------+----------+-------------------------------------------
     0 | D:1      | Hasart the Octopode Transmuter began the quest for the Orb.
     0 | D:1      | Reached XP level 1. HP: 13/13 MP: 3/3
    55 | D:1      | Reached XP level 2. HP: 7/18 MP: 3/5
   478 | D:1      | Learned a level 2 spell: Wereblood
   756 | D:1      | Reached XP level 3. HP: 19/23 MP: 3/6
   767 | D:1      | Learned a level 3 spell: Spider Form
   827 | D:1      | Found a faded altar of an unknown god.
  1154 | D:2      | You fall into a shaft and drop 1 floor!
  1234 | D:3      | Found Tuehanea's Antique Armour Shop.
  1869 | D:2      | Reached skill level 1 in Poison Magic
  1869 | D:2      | Reached XP level 4. HP: 7/28 MP: 5/7
  2962 | D:3      | Noticed an ogre
  3014 | D:3      | Killed an ogre
  3015 | D:3      | Reached skill level 1 in Throwing
  3015 | D:3      | Reached skill level 4 in Unarmed Combat
  3015 | D:3      | Reached XP level 5. HP: 13/34 MP: 8/8
  3402 | D:3      | Noticed a phantom
  3414 | D:3      | HP: 1/34 [phantom (3)]
  3415 | D:3      | Mangled by a phantom

Illustrated notes

Levels and vault maps discovered:
D:1:      evilmike_arrival_hilbert_curve, layout_rooms,
          chequers_ecumenical_altar_simple, minivault_19
D:2:      layout_basic
D:3:      layout_basic, serial_shops, nicolae_shop_advertising_works
          [nicolae_subvault_shop_adworks], minmay_pentangle

Skill      XL: |  1  2  3  4 |
---------------+-------------+-----
Poison Magic   | 1 |  1.9
Fighting       | 2 |  2.0
Throwing       | 1 |  1.2
Unarmed Combat | 4 |  4.1
Dodging        | |  2.8
Spellcasting   | |  2.6
Transmutations | |  2.7

Action                   |  1- 3 |  4- 6 || total
-------------------------+-------+-------++-------
Melee: Unarmed           |    93 |    35 ||   128
       Constrict         |    24 |     7 ||    31
       Tentacles         |    16 |     7 ||    23
       Kick              |    12 |     5 ||    17
       Punch             |     3 |     1 ||     4
Throw: Dart              |       |     6 ||     6
 Cast: Beastly Appendage |     8 |     2 ||    10
       Wereblood         |     1 |       ||     1
       Spider Form       |       |     1 ||     1
  Use: Potion            |       |     1 ||     1
 Stab: Sleeping          |     7 |     3 ||    10
Armor: Skin              |    10 |     1 ||    11
Dodge: Dodged            |    61 |    10 ||    71

Table legend: (Time is in decaauts)
 A = Elapsed time spent in this place.
 B = Non-inter-level travel time spent in this place.
 C = Inter-level travel time spent in this place.
 D = Time resting spent in this place.
 E = Time spent auto-exploring this place.
 F = Levels seen in this place.
 G = Mean time per level.
                   A        B        C        D        E       F      G
               +--------+--------+--------+--------+--------+-----+--------+
         Total |   3407 |   3365 |     42 |     15 |   2890 |   3 | 1135.7 |
       Dungeon |   3407 |   3365 |     42 |     15 |   2890 |   3 | 1135.7 |
               +--------+--------+--------+--------+--------+-----+--------+

Top non-repeatable levels by time:
     D:2: 1320 daAuts
     D:3: 1113 daAuts
     D:1: 973 daAuts
